Map: Catalyst LE

Players

MediamanoEZ

  • Race: Protoss Protoss
  • Spawn Location: 5:00

Harstem - Winner!

  • Race: Protoss Protoss
  • Spawn Location: 11:00

Event: WCS Valencia 2018

VOD

Have the link to the VOD?

Description

Time

  • Played on: July 12, 2018, 6:13 a.m.
  • Length: 4:35

All games in this series

Show
View Real Time Build Order
Export as new Build Order

MediamanoEZ Protoss 

Build Orders: Oracle Opening 

Get SALT Encoding   

  12  0:00  Probe  
  13  0:13  Probe  
  14  0:19  Pylon  
  14  0:25  Probe  
  15  0:37  Probe  
  15  0:41  Gateway  
  16  0:48  Assimilator  
  16  0:49  Probe  
  17  1:01  Probe  
  17  1:03  Assimilator  
  18  1:11  Gateway, Probe  
  19  1:19  Probe  
  20  1:28  Probe  
  20  1:29  Cybernetics Core  
  21  1:40  Pylon, Probe  
  22  1:48  Probe  
  23  1:56  Probe  
  24  2:10  Probe  
  24  2:12  Warp Gate  
  27  2:15  Sentry  
  27  2:16  Stalker  
  29  2:25  Probe  
  30  2:31  Pylon  
  29  2:42  Nexus  
  29  2:48  Stalker  
  31  2:58  Stalker  
  33  3:00  Probe  
  34  3:10  Pylon  
  34  3:17  Stargate  
  34  3:25  Stalker  
  36  3:32  Probe  
  37  3:44  Probe  
  37  3:45  Gateway  
  38  3:48  Gateway  
  38  3:52  Oracle  
  38  3:56  Probe  
  38  3:58  Probe  
  43  4:08  Probe  
  43  4:14  Pylon  
  41  4:20  Probe  
Show
View Real Time Build Order
Export as new Build Order

Harstem Protoss - Winner!

Build Orders: Oracle Opening 

Get SALT Encoding   

  12  0:01  Probe  
  13  0:13  Probe  
  14  0:19  Pylon  
  14  0:24  Probe  
  15  0:33  Probe  
  15  0:38  Gateway  
  15  0:41  Probe  
  16  0:49  Assimilator  
  17  0:51  Probe  
  17  0:56  Assimilator  
  18  0:59  Probe  
  19  1:08  Probe  
  19  1:09  Gateway  
  20  1:22  Probe  
  20  1:25  Cybernetics Core  
  21  1:34  Probe  
  21  1:38  Pylon  
  22  1:46  Probe  
  23  1:58  Probe  
  24  2:04  Adept x2  
  24  2:05  Warp Gate  
  28  2:16  Pylon  
  28  2:24  Stargate  
  28  2:31  Adept  
  28  2:34  Adept  
  32  2:57  Oracle  
  34  2:58  Adept  
  34  3:01  Adept, Pylon  
  39  3:25  Oracle  
  39  3:27  Nexus  
  39  3:41  Shield Battery  
  42  3:44  Probe  
  43  3:56  Probe  
  43  4:01  Robotics Facility  
  44  4:15  Probe  
  43  4:19  Stalker  
  42  4:33  Stalker  
Tags
 
Add a new tag
Caveats
  • Supply blocks, unpowered buildings, or Contaminate may cause inaccurate times.
  • Supply counts are checked every 10 seconds.